 Dungeon Crawl Stone Soup version 0.27.1 (webtiles) character file.

Game seed: 13810783846311997552

152 RatsInWalls the Chopper (level 5, 9/47 HPs)
             Began as a Hill Orc Monk on Aug 24, 2021.
             Quit the game on level 4 of the Dungeon.
             The game lasted 00:07:04 (4005 turns).

RatsInWalls the Chopper (Hill Orc Monk)             Turns: 4005, Time: 00:07:05

Health: 9/47       AC:  9    Str: 15    XL:     5   Next: 34%
Magic:  5/5        EV:  9    Int: 10    God:
Gold:   151        SH:  3    Dex: 13    Spells: 4/4 levels left

rFire    . . .     SeeInvis .   a - +0 hand axe
rCold    . . .     Faith    .   e - +0 buckler
rNeg     . . .     Spirit   .   b - +0 scale mail
rPois    .         Reflect  .   o - +1 hat
rElec    .         Harm     .   (no cloak)
rCorr    .         Rampage  .   g - +0 pair of gloves
Will     .....     Rnd*Rage +   p - +0 pair of boots Stlth ..........Rnd*Tele +
                                (no amulet)
HPRegen  0.15/turn              (no ring)
MPRegen  0.09/turn              (no ring)

@: lethally poisoned (9 -> -2)
A: berserk 1, teleportitis 1
a: no special abilities


You were on level 4 of the Dungeon.
You visited 1 branch of the dungeon, and saw 4 of its levels.

You collected 151 gold pieces.

Inventory:

Hand Weapons
 a - a +0 hand axe (weapon)
Missiles
 n - 3 curare-tipped darts (quivered)
Armour
 b - a +0 scale mail (worn)
 e - a +0 buckler (worn)
 g - a +0 pair of gloves (worn)
 o - a +1 hat (worn)
 p - a +0 pair of boots (worn)
Wands
 c - a wand of polymorph (6)
Scrolls
 l - a scroll of vulnerability
Potions
 m - a potion of mutation


   Skills:
 + Level 4.5 Fighting
 + Level 5.8 Axes
 + Level 1.9 Armour
 + Level 3.0 Dodging
 - Level 1.5 Stealth
 + Level 0.3 Shields


You had 4 spell levels left.
You didn't know any spells.
Your spell library contained the following spells:

 Spells                   Type           Power      Damage    Failure   Level
 Passwall                 Tmut/Erth      0%         N/A       98%         2
 Swiftness                Air            0%         N/A       100%        3
 Invisibility             Hex            0%         N/A       100%        6


Dungeon Overview and Level Annotations

Branches:
Dungeon (4/15)
 Temple: D:4-7

Altars:
Okawaru

Shops:
D:1 [

Annotations:
D:2 Sigmund


Innate Abilities, Weirdness & Mutations

You tend to lose your temper in combat.
You are occasionally teleported next to monsters.


Message History

The water moccasin bites you but does no damage. x2
You closely miss the water moccasin.
The water moccasin is moderately wounded.
The water moccasin bites you but does no damage.
You miss the water moccasin.
The water moccasin is moderately wounded.
You block the water moccasin's attack. The water moccasin bites you.
You hit the water moccasin.
The water moccasin is heavily wounded.
The water moccasin bites you but does no damage.
You hit the water moccasin.
The water moccasin is severely wounded.
You feel less wooden.
Your +1 hat unmelds from your body.
Your +0 pair of gloves unmelds from your body.
Your +0 pair of boots unmelds from your body.
Your +0 scale mail unmelds from your body.
The water moccasin bites you but does no damage.
The water moccasin misses you.
Unknown command.
Okay, then.
Okay, then.
You barely miss the water moccasin.
The water moccasin is severely wounded.
The water moccasin closely misses you.
You miss the water moccasin.
The water moccasin is severely wounded.
The water moccasin closely misses you. You block the water moccasin's attack.
You closely miss the water moccasin.
The water moccasin is severely wounded.
The water moccasin bites you.
Your shield and scale mail prevent you from hitting the water moccasin.
The water moccasin is severely wounded.
The water moccasin bites you!
* * * LOW HITPOINT WARNING * * *
You are lethally poisoned!
The water moccasin poisons you!
The water moccasin bites you but does no damage.
Unknown command.
Are you sure you want to abandon this character and quit the game? (Confirm with "yes".)

.. ####........ #..
..##.......... ...
#.##.........#
#..###.##.........#
.....#.##.........# .
.......##.......[.# ...
.......##.........##....
.......'.............?..
#...<..#........@.......
#...<..#.######..S......
#......#.# #.........
#......#.. #....!....
#......### #.........
#......# #.........
#......# #.......##
#......# #.......#


You could see a water moccasin.

Vanquished Creatures
  Robin (D:2)
  4 adders
  An adder skeleton (D:4)
  A worm (D:3)
  4 dart slugs
  2 orcs (D:3)
  9 bats
  8 endoplasms
  3 giant cockroaches
  7 hobgoblins
  5 jackals
  4 kobolds
  4 quokkas (D:1)
  10 ball pythons
  4 frilled lizards
  12 goblins
  4 rats
83 creatures vanquished.

Vanquished Creatures (collateral kills)
  A goblin (D:2)
  A hobgoblin (D:2)
2 creatures vanquished.

Vanquished Creatures (others)
  3 plants (D:2)
  5 toadstools (D:1)
8 creatures vanquished.

Grand Total: 93 creatures vanquished

Notes
Turn   | Place    | Note
-------+----------+-------------------------------------------
     0 | D:1      | RatsInWalls the Hill Orc Monk began the quest for the Orb.
     0 | D:1      | Reached XP level 1. HP: 19/19 MP: 1/1
   248 | D:1      | Reached XP level 2. HP: 22/27 MP: 2/2
   939 | D:1      | Reached skill level 1 in Armour
   939 | D:1      | Reached XP level 3. HP: 33/33 MP: 3/3
   953 | D:1      | Found Becois's Antique Armour Boutique.
  1265 | D:2      | Found an iron altar of Okawaru.
  1402 | D:2      | Noticed Robin
  1879 | D:2      | Killed Robin
  1880 | D:2      | Reached skill level 5 in Axes
  1880 | D:2      | Reached XP level 4. HP: 40/40 MP: 4/4
  1993 | D:2      | Found a faded altar of an unknown god.
  2034 | D:2      | Noticed Sigmund
  3208 | D:3      | Reached XP level 5. HP: 19/47 MP: 5/5
  3956 | D:4      | Noticed a water moccasin
  3976 | D:4      | Gained mutation: You are occasionally teleported next to
                  | monsters. [potion of mutation]
  3976 | D:4      | Gained mutation: You tend to lose your temper in combat.
                  | [potion of mutation]
  4005 | D:4      | Quit the game

Illustrated notes

Levels and vault maps discovered:
D:1:      ldierk_walled_garden, layout_loops_ring, serial_shops,
          nicolae_diamond_shop, minmay_surrounded
D:2:      layout_rooms, basic_altar, dreamdust_ecumenical_altar_grove,
          uniq_robin, uniq_crazy_yiuf_cottage, uniq_sigmund
D:3:      minmay_razor_zed, layout_basic
D:4:      layout_basic, minmay_temple_entry_arrows

Skill      XL: |  1  2  3  4 |
---------------+-------------+-----
Armour         | 1 |  1.9
Fighting       | 4 |  4.5
Axes           | 5 |  5.8
Dodging        | 3 |  3.0
Stealth        | |  1.5
Shields        | |  0.3

Action                   |  1- 3 |  4- 6 || total
-------------------------+-------+-------++-------
Melee: Hand axe          |   127 |   217 ||   344
  Use: Scroll            |     1 |     4 ||     5
       Potion            |     1 |     4 ||     5
 Stab: Sleeping          |     5 |     4 ||     9
Armor: Robe              |    36 |    38 ||    74
       Skin              |     3 |     6 ||     9
       Scale mail        |       |    34 ||    34
Dodge: Dodged            |   120 |   128 ||   248
Block: Buckler           |     9 |    32 ||    41
